 Dungeon Crawl Stone Soup version 0.29-a0-323-g050149af67 (webtiles) character file.

Game seed: 6281704103608337565

17 GigaChad the Slasher (level 2, -4/27 HPs)
             Began as a Minotaur Chaos Knight on Apr 11, 2022.
             Was a Plaything of Xom.
             Slain by an ogre
             ... wielding a +0 giant spiked club
              (31 damage)
             ... on level 2 of the Dungeon.
             The game lasted 00:02:42 (875 turns).

GigaChad the Slasher (Minotaur Chaos Knight)         Turns: 875, Time: 00:02:42

Health: -4/27      AC: 11    Str: 16    XL:     2   Next: 44%
Magic:  1/1        EV:  4    Int: 15    God:    Xom [..*...]
Gold:   72         SH:  0    Dex:  9    Spells: 1/1 levels left

rFire   . . .      SeeInvis .   a - +0 falchion (chaos)
rCold   . . .      Faith    .   (no shield)
rNeg    . . .      Spirit   .   j - +0 plate armour
rPois   .          Reflect  .   (helmet restricted)
rElec   .          Harm     .   (no cloak)
rCorr   .          Rampage  .   (no gloves)
Will    .....                   (no boots)
Stlth   ..........              (no amulet)
HPRegen 0.09/turn               h - +6 ring of intelligence
MPRegen 0.07/turn               (no ring)

@: no status effects
A: horns 2, retaliatory headbutt
a: Renounce Religion


You were on level 2 of the Dungeon.
You worshipped Xom.
You were a toy of Xom.
You visited 1 branch of the dungeon, and saw 2 of its levels.

You collected 72 gold pieces.

Inventory:

Hand Weapons
 a - a +0 falchion of chaos (weapon)
 g - a +1 dagger of pain
Armour
 b - a +2 leather armour
 d - a +0 ring mail
 j - a +0 plate armour (worn)
Jewellery
 h - a +6 ring of intelligence (left hand)
Scrolls
 f - a scroll of blinking {unknown}
 i - a scroll of teleportation {unknown}
 k - a scroll of holy word {unknown}
Potions
 e - a potion of curing {unknown}
Miscellaneous
 c - a piece from Xom's chessboard (15/15) (quivered)


   Skills:
 + Level 3.9 Fighting
 + Level 4.3 Long Blades
 + Level 2.6 Armour
 + Level 1.1 Dodging


You had one spell level left.
You didn't know any spells.
Your spell library was empty.

Dungeon Overview and Level Annotations

Branches:
Dungeon (2/15)

Altars:


Innate Abilities, Weirdness & Mutations

You have a pair of horns on your head.
You reflexively headbutt those who attack you in melee.


Message History

The endoplasm barely misses you.
You hit the endoplasm but do no damage.
The endoplasm is lightly wounded.
The endoplasm freezes you.
You are frozen.
* * * LOW HITPOINT WARNING * * *
The endoplasm freezes you.
You are frozen.
* * * LOW HITPOINT WARNING * * *
You barely miss the endoplasm. You headbutt the endoplasm.
You kill the endoplasm!
You see here a jackal corpse.
You start resting.
Xom smiles on you. Something appears at your feet!
You see here a +0 plate armour.
You see here a +0 fustibalus.
Things that are here:
a +0 plate armour; a jackal corpse
j - a +0 plate armour You start removing your armour.
You continue taking off your +0 ring mail. x4
You finish taking off your +0 ring mail.
You start putting on your armour.
You continue putting on your +0 plate armour. x5
You finish putting on your +0 plate armour.
You start resting.
Welcome back, GigaChad the Minotaur Chaos Knight.
Xom snickers.
Press ? for a list of commands and other information.
You start resting.
HP restored.
k - a scroll labelled UNE ZEATEURISK An ogre comes into view.
It is wielding a +0 giant spiked club.
The ogre shouts!
Found 5 poisoned darts.
The ogre barely misses you.
The ogre hits you with a +0 giant spiked club!!
Ouch! That really hurt!
You die...
Xom roars with laughter!

#.# ..# #(# #.. ...
#.# #.# #.# ####.#
#.# #.# ....# #.# #.#
# #..# #.# #.# .#
###.O#####.#####.##.#
#....@...........#..#
#.#.######........# #
#..............##
#########.###.## #.#
##.## ##.# #..# ...#
#.#.# #..# #.#.# #..#
#.# ###


You could see an ogre.

Vanquished Creatures
  2 bats
  2 endoplasms
  5 jackals
  A quokka (D:2)
  3 ball pythons (D:1)
  A goblin (D:1)
  A rat (D:2)
15 creatures vanquished.

Notes
Turn   | Place    | Note
-------+----------+-------------------------------------------
     0 | D:1      | GigaChad the Minotaur Chaos Knight began the quest for the
                  | Orb.
     0 | D:1      | Reached XP level 1. HP: 19/19 MP: 0/0
    86 | D:1      | Found a faded altar of an unknown god.
    96 | D:1      | Reached skill level 4 in Long Blades
   238 | D:1      | XOM: divination: detect items
   244 | D:1      | XOM: potion effect (berserk rage)
   250 | D:1      | Reached XP level 2. HP: 23/27 MP: 1/1
   632 | D:2      | XOM: god gift: plate armour {god gift}
   870 | D:2      | Noticed an ogre
   875 | D:2      | Slain by an ogre

Illustrated notes

Levels and vault maps discovered:
D:1:      dpeg_arrival_rhombus, layout_rooms, nicolae_ecumenical_snake_handling,
          minmay_misc_feat_rows, grunt_decor_cap
D:2:      layout_loops_ring, chequers_arboretum, st_stairs_12,
          minmay_misc_feat_square

Skill      XL: |  1 |
---------------+----+-----
Long Blades    | 4 |  4.3
Fighting       | |  3.9
Armour         | |  2.6
Dodging        | |  1.1

Action                   || total
-------------------------++-------
Melee: Falchion          ||    30
       Headbutt          ||     6
       Punch             ||     1
 Stab: Paralysed         ||     2
Armor: Ring mail         ||    27
       Leather armour    ||     4
Dodge: Dodged            ||    30

Table legend: (Time is in decaauts)
 A = Elapsed time spent in this place.
 B = Non-inter-level travel time spent in this place.
 C = Inter-level travel time spent in this place.
 D = Time resting spent in this place.
 E = Time spent auto-exploring this place.
 F = Levels seen in this place.
 G = Mean time per level.
                   A        B        C        D        E       F      G
               +--------+--------+--------+--------+--------+-----+--------+
         Total |    889 |    885 |      4 |    420 |     61 |   2 |  444.5 |
       Dungeon |    889 |    885 |      4 |    420 |     61 |   2 |  444.5 |
               +--------+--------+--------+--------+--------+-----+--------+

Top non-repeatable levels by time:
     D:1: 532 daAuts
     D:2: 356 daAuts
